 Dungeon Crawl Stone Soup version 0.27-a0-394-g49c82dfaf2 (webtiles) character file.

Game seed: 3003657340143766436

1022 gruber the Shield-Bearer (level 8, -3/67 HPs)
             Began as a Gnoll Fighter on Feb 21, 2021.
             Slain by a thrashing horror (8 damage)
             ... on level 1 of the Abyss.
             The game lasted 00:07:02 (3706 turns).

gruber the Shield-Bearer (Gnoll Fighter)            Turns: 3706, Time: 00:07:02

Health: -3/67      AC: 11    Str: 16    XL:     8   Next: 22%
Magic:  0/12       EV:  9    Int:  9    God:
Gold:   205        SH: 10    Dex: 12    Spells: 13/13 levels left

rFire    + + .     SeeInvis .   t - +0 falchion (holy)
rCold    . . .     Faith    .   c - +0 kite shield
rNeg     . . .     Spirit   .   b - +0 scale mail
rPois    .         Reflect  .   q - +0 helmet of Wu Jian's Favour {rF++}
rElec    .         Harm     .   l - +0 cloak
rCorr    .         Rampage  .   (no gloves)
Will     .....                  g - +0 pair of boots
Stlth    +.........             i - amulet of regeneration
HPRegen  1.21/turn              (no ring)
MPRegen  0.13/turn              (no ring)

@: no status effects
A: distributed training, fangs 1, strong nose
a: no special abilities


You were on level 1 of the Abyss.
You visited 1 branch of the dungeon, and saw 5 of its levels.
You visited the Abyss 1 time.

You collected 205 gold pieces.

Inventory:

Hand Weapons
 a - a +0 long sword
 t - a +0 falchion of holy wrath (weapon)
Missiles
 p - 44 poisoned darts (quivered)
Armour
 b - a +0 scale mail (worn)
 c - a +0 kite shield (worn)
 g - a +0 pair of boots (worn)
 l - a +0 cloak (worn)
 q - the +0 helmet of Wu Jian's Favour (worn) {rF++}
   (You took it off Robin on level 3 of the Dungeon)

   It greatly protects you from fire.
Jewellery
 i - an amulet of regeneration (around neck)
Scrolls
 f - 6 scrolls of teleportation {unknown}
 h - a scroll of random uselessness {unknown}
 n - a scroll of immolation {unknown}
 r - 3 scrolls of fog {unknown}
 s - 4 scrolls of identify {unknown}
Potions
 e - 2 potions of degeneration {unknown}
 j - a potion of flight {unknown}
 k - 2 potions of lignification
 o - 2 potions of heal wounds {unknown}


   Skills:
 + Level 7.3 Fighting
 + Level 3.1 Short Blades
 + Level 5.5 Long Blades
 + Level 3.1 Axes
 + Level 3.1 Maces & Flails
 + Level 3.1 Polearms
 + Level 3.1 Staves
 + Level 3.1 Slings
 + Level 3.1 Bows
 + Level 3.1 Crossbows
 + Level 3.1 Throwing
 + Level 7.3 Armour
 + Level 3.1 Dodging
 + Level 3.1 Stealth
 + Level 7.3 Shields
 + Level 3.1 Unarmed Combat
 + Level 3.1 Spellcasting
 + Level 2.5 Conjurations
 + Level 2.5 Hexes
 + Level 2.5 Summonings
 + Level 2.5 Necromancy
 + Level 2.5 Translocations
 + Level 2.5 Transmutations
 + Level 2.5 Fire Magic
 + Level 2.5 Ice Magic
 + Level 2.5 Air Magic
 + Level 2.5 Earth Magic
 + Level 2.5 Poison Magic
 + Level 3.4 Invocations
 + Level 3.1 Evocations


You had 13 spell levels left.
You didn't know any spells.
Your spell library contained the following spells:

 Spells                   Type           Power        Failure   Level
 Corona                   Hex            5%           65%         1
 Ensorcelled Hibernation  Hex/Ice        10%          80%         2
 Confusing Touch          Hex            5%           95%         3
 Dazzling Flash           Conj/Hex       10%          95%         3
 Tukima's Dance           Hex            5%           95%         3


Dungeon Overview and Level Annotations

Branches:
Dungeon (5/15)
 Temple: D:4-7

Altars:
Dithmenos
Fedhas
Makhleb
Nemelex Xobeh
Qazlal
Uskayaw

Annotations:
D:5 Dowan, Duvessa


Innate Abilities, Weirdness & Mutations

Your experience applies equally to all skills.
You have very sharp teeth.
Your uncanny sense of smell can sniff out nearby items.


Message History

The thrashing horror tramples you!
* * * LOW HITPOINT WARNING * * *
You hold your ground!
The thrashing horror tramples you.
* * * LOW HITPOINT WARNING * * *
You hold your ground!
The thrashing horror barely misses you.
The thrashing horror tramples you but does no damage.
The thrashing horror tramples you.
* * * LOW HITPOINT WARNING * * *
You hold your ground!
The thrashing horror tramples you but does no damage. x3
Found a glowing blue potion.
You feel you are being watched by something.
You feel your power leaking away.
A quasit comes into view.
The quasit gives a chilling moan.
The thrashing horror closely misses you.
You riposte.
You hit the thrashing horror.
The thrashing horror is lightly damaged.
The thrashing horror barely misses you.
You feel you are being watched by something.
You block the thrashing horror's attack.
The thrashing horror tramples you.
* * * LOW HITPOINT WARNING * * *
You stumble backwards!
Unknown command.
Unknown command.
Unknown command.
The thrashing horror roars!
You block the thrashing horror's attack. x2
The thrashing horror tramples you.
* * * LOW HITPOINT WARNING * * *
You stumble backwards!
Unknown command.
Unknown command.
The thrashing horror roars!
You feel you are being watched by something.
Unknown command.
Unknown command.
The thrashing horror tramples you!
You die...

..###...##≈5≈≈≈
.. #.#X.###.≈≈≈..
..###.x#..≈ #♣#≈≈
##...#..........#
.....#....###..#
####..#..!..# ..
....#.#X#.###
##.....X##
...#..@#.#
#....##....# #..#
#.#..# .# .#.#.#
. # .# #. .. .#
#.. # ##


You could see 2 thrashing horrors, a large abomination and a small abomination.

Vanquished Creatures
  Sigmund (D:3)
  Edmund (D:4)
  A phantom (D:4)
  Blork the orc (D:4)
  A gnoll shaman (D:3)
  2 hounds
  4 orc priests
  2 worker ants (D:4)
  3 orc wizards
  Robin (D:3)
  A howler monkey skeleton (D:4)
  8 gnolls
  4 adders
  An ooze (D:3)
  2 worms (D:3)
  3 dart slugs
  2 leopard geckos (D:3)
  17 orcs
  2 giant cockroaches
  11 goblins
  11 hobgoblins
  10 jackals
  A quokka (D:3)
  A ball python (D:1)
  A ball python skeleton (D:4)
  15 bats
  6 frilled lizards
  5 kobolds
  12 rats
130 creatures vanquished.

Vanquished Creatures (others)
  4 fungi (D:4)
4 creatures vanquished.

Grand Total: 134 creatures vanquished

Notes
Turn   | Place    | Note
-------+----------+-------------------------------------------
     0 | D:1      | gruber the Gnoll Fighter began the quest for the Orb.
     0 | D:1      | Reached XP level 1. HP: 23/23 MP: 1/1
   202 | D:1      | Reached XP level 2. HP: 29/29 MP: 2/2
   470 | D:1      | Reached XP level 3. HP: 35/35 MP: 3/3
   870 | D:2      | Reached skill level 1 in Invocations
   969 | D:2      | Reached skill level 1 in Short Blades
   969 | D:2      | Reached skill level 1 in Axes
   969 | D:2      | Reached skill level 1 in Maces & Flails
   969 | D:2      | Reached skill level 1 in Polearms
   969 | D:2      | Reached skill level 1 in Staves
   969 | D:2      | Reached skill level 1 in Slings
   969 | D:2      | Reached skill level 1 in Bows
   969 | D:2      | Reached skill level 1 in Crossbows
   969 | D:2      | Reached skill level 1 in Throwing
   969 | D:2      | Reached skill level 1 in Dodging
   969 | D:2      | Reached skill level 1 in Stealth
   969 | D:2      | Reached skill level 1 in Unarmed Combat
   969 | D:2      | Reached skill level 1 in Spellcasting
   969 | D:2      | Reached skill level 1 in Evocations
   969 | D:2      | Reached XP level 4. HP: 41/41 MP: 5/5
  1166 | D:2      | Found a stormy altar of Qazlal.
  1169 | D:2      | Found a sparkling altar of Nemelex Xobeh.
  1251 | D:1      | Reached skill level 1 in Conjurations
  1251 | D:1      | Reached skill level 1 in Hexes
  1251 | D:1      | Reached skill level 1 in Summonings
  1251 | D:1      | Reached skill level 1 in Necromancy
  1251 | D:1      | Reached skill level 1 in Translocations
  1251 | D:1      | Reached skill level 1 in Transmutations
  1251 | D:1      | Reached skill level 1 in Fire Magic
  1251 | D:1      | Reached skill level 1 in Ice Magic
  1251 | D:1      | Reached skill level 1 in Air Magic
  1251 | D:1      | Reached skill level 1 in Earth Magic
  1251 | D:1      | Reached skill level 1 in Poison Magic
  1289 | D:2      | Found a shadowy altar of Dithmenos.
  1292 | D:2      | Found a burning altar of Makhleb.
  1856 | D:3      | Reached XP level 5. HP: 47/47 MP: 6/6
  2015 | D:3      | Noticed Sigmund
  2065 | D:3      | Killed Sigmund
  2066 | D:3      | Reached XP level 6. HP: 49/53 MP: 8/8
  2100 | D:3      | Reached skill level 5 in Long Blades
  2114 | D:3      | Identified the +0 helmet of Wu Jian's Favour {rF++}
  2114 | D:3      | Noticed Robin
  2149 | D:3      | Killed Robin
  2639 | D:3      | Reached XP level 7. HP: 55/59 MP: 10/10
  2722 | D:4      | Found a blossoming altar of Fedhas.
  2910 | D:4      | Found a hide-covered altar of Uskayaw.
  3091 | D:5      | Entered Level 5 of the Dungeon
  3272 | D:4      | Reached XP level 8. HP: 65/67 MP: 12/12
  3339 | D:4      | Noticed Edmund
  3341 | D:4      | Noticed Blork the orc
  3368 | D:4      | Killed Edmund
  3374 | D:4      | Killed Blork the orc
  3589 | D:5      | Noticed Duvessa
  3592 | D:5      | Noticed Dowan
  3607 | D:5      | Cast into level 1 of the Abyss (Dowan)
  3662 | Abyss:1  | Noticed a thrashing horror
  3673 | Abyss:1  | Noticed a large abomination
  3677 | Abyss:1  | Noticed a small abomination
  3692 | Abyss:1  | Noticed a large abomination
  3692 | Abyss:1  | Noticed a thrashing horror
  3693 | Abyss:1  | Noticed a blink frog
  3700 | Abyss:1  | Noticed a small abomination
  3703 | Abyss:1  | HP: 3/67 [thrashing horror (6)]
  3706 | Abyss:1  | Slain by a thrashing horror

Illustrated notes

Levels and vault maps discovered:
D:1:      lightli_arrival_flooded_house, layout_loops_ring
D:2:      layout_rooms, grunt_temple_overflow_cloverleaf
D:3:      layout_basic, uniq_robin, uniq_sigmund
D:4:      layout_basic, lemuel_doored_altar, fedhas_altar_3, uniq_blork_the_orc,
          uniq_edmund
D:5:      layout_loops_ring, vehumet_altar_wand_db, uniq_duvessa, uniq_ijyb,
          uniq_pikel
Abyss:1:  base:
Temple

Skill      XL: |  1  2  3  4  5  6  7  8 |
---------------+-------------------------+-----
Invocations    | 1 2 3 |  3.4
Short Blades   | 1 2 3 |  3.1
Axes           | 1 2 3 |  3.1
Maces & Flails | 1 2 3 |  3.1
Polearms       | 1 2 3 |  3.1
Staves         | 1 2 3 |  3.1
Slings         | 1 2 3 |  3.1
Bows           | 1 2 3 |  3.1
Crossbows      | 1 2 3 |  3.1
Throwing       | 1 2 3 |  3.1
Dodging        | 1 2 3 |  3.1
Stealth        | 1 2 3 |  3.1
Unarmed Combat | 1 2 3 |  3.1
Spellcasting   | 1 2 3 |  3.1
Evocations     | 1 2 3 |  3.1
Conjurations   | 1 2 |  2.5
Hexes          | 1 2 |  2.5
Summonings     | 1 2 |  2.5
Necromancy     | 1 2 |  2.5
Translocations | 1 2 |  2.5
Transmutations | 1 2 |  2.5
Fire Magic     | 1 2 |  2.5
Ice Magic      | 1 2 |  2.5
Air Magic      | 1 2 |  2.5
Earth Magic    | 1 2 |  2.5
Poison Magic   | 1 2 |  2.5
Long Blades    | 5 |  5.5
Fighting       | 7 |  7.3
Armour         | 7 |  7.3
Shields        | 7 |  7.3

Action                   |  1- 3 |  4- 6 |  7- 9 || total
-------------------------+-------+-------+-------++-------
Melee: Long sword        |   118 |     2 |       ||   120
       Bite              |     8 |    39 |    29 ||    76
       Falchion          |       |   302 |   275 ||   577
Throw: Dart              |       |     9 |       ||     9
  Use: Potion            |       |     2 |     1 ||     3
Armor: Scale mail        |    73 |   115 |   154 ||   342
       Skin              |       |     9 |       ||     9
Dodge: Dodged            |    53 |    75 |   156 ||   284
Block: Kite shield       |    93 |   160 |   194 ||   447
       Rpst.: Long sword |    19 |       |       ||    19
       Falchion          |       |    21 |    49 ||    70

Table legend: (Time is in decaauts)
 A = Elapsed time spent in this place.
 B = Non-inter-level travel time spent in this place.
 C = Inter-level travel time spent in this place.
 D = Time resting spent in this place.
 E = Time spent auto-exploring this place.
 F = Levels seen in this place.
 G = Mean time per level.
                   A        B        C        D        E       F      G
               +--------+--------+--------+--------+--------+-----+--------+
         Total |   3877 |   3640 |    237 |     12 |   2185 |   6 |  646.2 |
       Dungeon |   3778 |   3541 |    237 |     12 |   2168 |   5 |  755.6 |
         Abyss |     99 |     99 |      0 |      0 |     17 |   1 |   99.0 |
               +--------+--------+--------+--------+--------+-----+--------+

Top non-repeatable levels by time:
     D:3: 1092 daAuts
     D:4: 944 daAuts
     D:1: 894 daAuts
     D:2: 766 daAuts
 Abyss:1: 99 daAuts
     D:5: 80 daAuts
